 Dungeon Crawl Stone Soup version 0.23.2-40-g277498a001 (webtiles) character file.

Game seed: 8710072395495637831

126 KamiKatze the Shield-Bearer (level 4, -3/38 HPs)
             Began as a Demigod Fighter on Sept 28, 2019.
             Killed by divine providence
             ... invoked by an orc priest
              (15 damage)
             ... on level 3 of the Dungeon.
             The game lasted 00:08:33 (2401 turns).

KamiKatze the Shield-Bearer (Demigod Fighter)       Turns: 2401, Time: 00:08:34

Health: -3/38      AC:  6    Str: 21    XL:     4   Next: 54%
Magic:  6/6        EV:  8    Int: 12    God:
Gold:   137        SH:  9    Dex: 15    Spells: 3/3 levels left

rFire    . . .     SeeInvis .   p - +0 hand axe
rCold    . . .     Gourm    .   c - +0 shield
rNeg     . . .     Faith    .   b - +0 scale mail
rPois    .         Spirit   .   (no helmet)
rElec    .         Reflect  .   (no cloak)
rCorr    .         Harm     .   (no gloves)
MR       .....                  (no boots)
Stlth    ..........             (no amulet)
HPRegen  0.12/turn              (no ring)
MPRegen  0.10/turn              (no ring)

@: no status effects
A: high mp 1
a: no special abilities


You were on level 3 of the Dungeon.
You were not hungry.

You visited 1 branch of the dungeon, and saw 3 of its levels.

You collected 137 gold pieces.

Inventory:

Hand Weapons
 a - a +0 war axe
 j - a +0 hunting sling
 p - a +0 hand axe (weapon)
 x - a +0 blowgun
Missiles
 k - 55 stones (quivered)
 m - a throwing net
 w - 6 poisoned needles
Armour
 b - a +0 scale mail (worn)
 c - a +0 shield (worn)
Scrolls
 e - a scroll of teleportation {unknown}
 n - a scroll of enchant weapon {unknown}
 q - a scroll of random uselessness {unknown}
 r - a scroll of magic mapping {unknown}
 s - a scroll of enchant armour {unknown}
 v - a scroll of amnesia {unknown}
Potions
 d - a potion of might
 g - a potion of lignification
 h - a potion of agility {unknown}
 i - 2 potions of haste
 l - a potion of flight
 o - a potion of mutation {unknown}
 t - 2 potions of curing {unknown}
Comestibles
 f - 8 rations
 u - 3 chunks of flesh


   Skills:
 + Level 3.2 Fighting
 * Level 3.1 Axes
 - Level 3.0 Armour
 + Level 1.3 Dodging
 + Level 3.3 Shields


You had 3 spell levels left.
You didn't know any spells.
Your spell library was empty.

Dungeon Overview and Level Annotations

Branches:
Dungeon (3/15)


Innate Abilities, Weirdness & Mutations

You have an increased reservoir of magic. (+10% MP)


Message History

The orc priest shouts!
There is a stone staircase leading up here.
An orc comes into view. It is wielding a -2 whip.
The orc shouts!
The orc priest miscasts a cantrip.
The orc priest hits you.
You closely miss the orc priest. The orc priest completely misses you.
You closely miss the orc priest. The orc priest barely misses you.
The orc priest mumbles some strange prayers to Beogh against you.
Beogh smites you!
You are too injured to fight recklessly!
You are too injured to fight recklessly!
You hit the orc priest but do no damage.
You hit the orc. You block the orc's attack. You block the orc priest's attack.
You slash the orc priest!
The orc priest is heavily wounded.
You hit the orc but do no damage. The orc hits you with a cursed -2 whip.
The orc priest invokes the aid of Beogh against you.
Beogh smites you!
You die...

#..##.#.#....#
##....#.#...##
####..r.#.###.##########.
....#...o...#............
....#...#........#.....#
....#.#.#.#.#..........#
#######......#
#.........# #......#
#####.....#### #......#


You could see an orc priest and an orc.

Vanquished Creatures
  5 adders
  2 oozes
  A worm (D:3)
  3 dart slugs (D:2)
  A leopard gecko (D:1)
  A ball python (D:3)
  13 bats
  6 giant cockroaches (D:2)
  5 goblins
  7 hobgoblins
  2 jackals (D:1)
  6 kobolds
  2 quokkas (D:2)
  2 frilled lizards
  8 rats
64 creatures vanquished.

Notes
Turn   | Place    | Note
-------+----------+-------------------------------------------
     0 | D:1      | KamiKatze the Demigod Fighter began the quest for the Orb.
     0 | D:1      | Reached XP level 1. HP: 18/18 MP: 3/3
   288 | D:1      | Reached XP level 2. HP: 25/25 MP: 4/4
   927 | D:2      | Reached XP level 3. HP: 30/30 MP: 5/5
  1028 | D:2      | Reached skill level 1 in Dodging
  1224 | D:2      | Reached XP level 4. HP: 7/38 MP: 6/6
  2255 | D:3      | Noticed a sky beast
  2401 | D:3      | Killed from afar by an orc priest

Skill      XL: |  1  2  3  4 |
---------------+-------------+-----
Axes           | 2 3 |  3.1
Shields        | 3 |  3.3
Armour         | 3 |  3.0
Fighting       | 3 |  3.2
Dodging        | 1 |  1.3

Action                   |  1- 3 |  4- 6 || total
-------------------------+-------+-------++-------
Melee: War axe           |    97 |       ||    97
       Hand axe          |    48 |    84 ||   132
Throw: Stone             |       |     3 ||     3
  Use: Scroll            |     2 |     2 ||     4
  Eat: Chunk             |     1 |     4 ||     5
Armor: Scale mail        |    52 |    37 ||    89
Dodge: Dodged            |    47 |    37 ||    84
Block: Shield            |    78 |    48 ||   126
